Map: El Dorado

Players

iPlayDefense

  • Race: Protoss Protoss
  • League: Silver
  • Spawn Location: 7:00

IMPERIUS - Winner!

  • Race: Terran Terran
  • Spawn Location: 5:00

VOD

Have the link to the VOD?

Description

Time

  • Played on: April 14, 2025, 2:20 p.m.
  • Length: 6:12
Show
View Real Time Build Order
Export as new Build Order

iPlayDefense Protoss 

Build Orders:  

Get SALT Encoding   

  1  0:00  Probe  
  13  0:17  Probe, Pylon  
  14  0:28  Assimilator  
  14  0:29  Probe  
  15  0:41  Probe  
  16  0:48  Gateway  
  16  0:53  Probe  
  17  1:05  Probe  
  17  1:10  Forge  
  18  1:18  Probe  
  18  1:20  Pylon  
  19  1:35  Zealot  
  21  1:50  Assimilator  
  21  1:52  Protoss Shields Level 1  
  21  2:03  Zealot  
  21  2:07  Pylon  
  23  2:10  Probe  
  24  2:18  Probe  
  25  2:28  Probe  
  26  2:40  Cybernetics Core  
  26  2:41  Zealot  
  28  2:53  Probe  
  29  3:05  Probe  
  30  3:08  Zealot  
  32  3:17  Probe  
  33  3:24  Photon Cannon  
  33  3:25  Probe, Photon Cannon  
  33  3:33  Probe  
  35  3:43  Probe  
  37  3:55  Probe  
  37  4:01  Nexus  
  37  4:06  Probe  
  38  4:14  Probe  
  39  4:31  Pylon  
  39  4:35  Pylon  
  39  4:49  Probe  
  40  5:00  Stargate x2  
  40  5:02  Probe  
  41  5:14  Probe  
  42  5:25  Stargate x2  
  42  5:26  Probe  
  43  5:28  Stalker  
  45  5:38  Probe  
  45  5:42  Assimilator  
  46  5:44  Assimilator  
  46  5:48  Pylon x2  
  46  5:50  Probe  
  45  6:06  Photon Cannon  
  45  6:07  Photon Cannon  
  45  6:11  Photon Cannon  
Show
View Real Time Build Order
Export as new Build Order

IMPERIUS Terran - Winner!

Build Orders:  

Get SALT Encoding   

  12  0:00  SCV  
  13  0:15  Supply Depot  
  13  0:20  SCV  
  14  0:33  Refinery  
  14  0:36  SCV  
  15  0:47  Barracks  
  15  0:48  SCV  
  16  1:03  Refinery  
  17  1:04  SCV  
  17  1:16  SCV  
  18  1:28  SCV  
  19  1:36  Marine  
  20  1:44  Supply Depot  
  20  1:45  SCV  
  21  1:54  Marine  
  21  1:57  SCV  
  23  2:09  SCV  
  23  2:12  Marine  
  25  2:16  Factory  
  25  2:21  SCV  
  26  2:30  Marine  
  26  2:36  Orbital Command  
  27  2:48  Marine  
  28  3:00  Factory Tech Lab  
  28  3:05  Marine  
  28  3:09  Starport  
  29  3:23  Marine  
  30  3:27  Armory  
  30  3:34  Supply Depot  
  30  3:41  Marine  
  30  3:47  Siege Tank  
  34  3:59  Marine  
  35  4:17  Marine, Terran Vehicle Weapons Level 1  
  35  4:19  Siege Tank  
  39  4:24  Supply Depot  
  39  4:37  Barracks Tech Lab  
  39  4:51  Siege Tank  
  42  4:55  Starport  
  42  5:37  Engineering Bay  
  42  5:41  Starport Tech Lab  
Tags
 
League
Silver
Matchup
PvT
Replay Pack
DaveSC2
Spawn Locations
Close Positions
Add a new tag
Caveats
  • Supply blocks, unpowered buildings, or Contaminate may cause inaccurate times.
  • Supply counts are checked every 10 seconds.